 Dungeon Crawl Stone Soup version 0.29-a0-243-g602b31c20e (webtiles) character file.

Game seed: 10074615173296095982

2 Ajdolov the Insei (level 1, -1/13 HPs)
             Began as an Octopode Transmuter on Mar 4, 2022.
             Slain by a kobold
             ... wielding a +1 short sword of holy wrath
              (7 damage)
             ... on level 1 of the Dungeon.
             The game lasted 00:00:14 (110 turns).

Ajdolov the Insei (Octopode Transmuter)              Turns: 110, Time: 00:00:15

Health: -1/13      AC:  1    Str:  9    XL:     1   Next: 30%
Magic:  3/3        EV: 13    Int: 15    God:
Gold:   0          SH:  0    Dex: 12    Spells: 3/4 levels left

rFire   . . .      SeeInvis .     - Unarmed
rCold   . . .      Faith    .   (no shield)
rNeg    . . .      Spirit   .   (helmet restricted)
rPois   .          Reflect  .   (no amulet)
rElec   .          Harm     .   (no ring)
rCorr   .          Rampage  .   (no ring)
Will    .....                   (no ring)
Stlth   +++.......              (no ring)
HPRegen 0.04/turn               (no ring)
MPRegen 0.08/turn               (no ring)
                                (no ring)
                                (no ring)

@: no status effects
A: almost no armour, amphibious, 8 rings, camouflage 1, gelatinous body 1,
(nimble swimmer 1), tentacles
a: no special abilities


You were on level 1 of the Dungeon.
You visited 1 branch of the dungeon, and saw 1 of its levels.

Inventory:

Scrolls
 a - a scroll of identify {unknown}
 b - a scroll of teleportation {unknown}


   Skills:
 - Level 1.0 Fighting
 - Level 2.0 Dodging
 * Level 1.1 Stealth
 - Level 3.0 Unarmed Combat
 - Level 2.0 Spellcasting
 - Level 2.0 Transmutations


You had 3 spell levels left.
You knew the following spells:

 Your Spells              Type           Power      Damage    Failure   Level
a - Beastly Appendage     Tmut           14%        N/A       10%         1

Your spell library contained the following spells:

 Spells                   Type           Power      Damage    Failure   Level
 Wereblood                Tmut           7%         N/A       14%         2
 Spider Form              Tmut/Pois      4%         N/A       41%         3
 Ice Form                 Ice/Tmut       4%         N/A       82%         4


Dungeon Overview and Level Annotations

Branches:
Dungeon (1/15)

Altars:


Innate Abilities, Weirdness & Mutations

You cannot wear most types of armour.
You are amphibious.
You can wear up to eight rings at the same time.
Your skin changes colour to match your surroundings (Stealth+).
Your rubbery body absorbs attacks. (AC +1, EV +1)
((You are camouflaged when in or above water. (Stealth+)))
You have tentacles for arms and can constrict up to eight enemies at once.


Message History

Found 17 stones.
Found a whip.
Found an escape hatch in the floor.
A kobold comes into view. It is wielding a +0 dagger.
A kobold is nearby!
The kobold shouts!
You hear an angry hiss.
A ball python comes into view.
You closely miss the kobold. Your grab misses the kobold.
The kobold hits you with a +0 dagger.
You tentacle-slap the kobold. Your grab misses the kobold.
The kobold is heavily wounded.
The kobold hits you with a +0 dagger.
You closely miss the kobold. You grab the kobold. You squeeze the kobold.
You kill the kobold!
You tentacle-slap the ball python. Your grab misses the ball python.
Your squeeze misses the ball python.
The ball python is moderately wounded.
The ball python barely misses you. The ball python closely misses you.
You tentacle-slap the ball python.
You kill the ball python!
A kobold comes into view.
It is wielding a +1 short sword of holy wrath.
Your Stealth skill increases to level 1!
Found a scroll labelled DAGODEEKHLO SAET.
A kobold is nearby!
The kobold shouts!
You tentacle-slap the kobold but do no damage.
Your grab misses the kobold. The kobold barely misses you.
You barely miss the kobold. Your grab misses the kobold.
The kobold hits you with a +1 short sword of holy wrath.
You are too injured to fight recklessly!
You see here a +0 dagger.
The kobold throws a stone.
The stone completely misses you. The kobold closely misses you.
You tentacle-slap the kobold. You grab the kobold.
You squeeze the kobold, but do no damage.
The kobold is heavily wounded.
You constrict the kobold.
The kobold hits you with a +1 short sword of holy wrath!
Ouch! That really hurt!
You die...

.............##
#............#
+.........)#.#
#.....####.# #
#..... #.#
#.?... #.#
#..... #.#
#.... #K# #@#
#.# #.# #.# #.#
#######.#
........#####
##..........#
######
#.....>....#


You could see a kobold.

Vanquished Creatures
  A kobold (D:1)
  A ball python (D:1)
2 creatures vanquished.

Notes
Turn   | Place    | Note
-------+----------+-------------------------------------------
     0 | D:1      | Ajdolov the Octopode Transmuter began the quest for the
                  | Orb.
     0 | D:1      | Reached XP level 1. HP: 13/13 MP: 3/3
    90 | D:1      | Reached skill level 1 in Stealth
   110 | D:1      | Slain by a kobold

Illustrated notes

Levels and vault maps discovered:
D:1:      dpeg_arrival_snail, layout_basic, chequers_serial_rivers_micro_a,
          minivault_14

Skill      XL: |  1 |
---------------+----+-----
Stealth        | 1 |  1.1
Fighting       | |  1.0
Dodging        | |  2.0
Unarmed Combat | |  3.0
Spellcasting   | |  2.0
Transmutations | |  2.0

Action                   || total
-------------------------++-------
Melee: Unarmed           ||     8
       Constrict         ||     2
       Tentacles         ||     2
Dodge: Dodged            ||     5

Table legend: (Time is in decaauts)
 A = Elapsed time spent in this place.
 B = Non-inter-level travel time spent in this place.
 C = Inter-level travel time spent in this place.
 D = Time resting spent in this place.
 E = Time spent auto-exploring this place.
 F = Levels seen in this place.
 G = Mean time per level.
                   A        B        C        D        E       F      G
               +--------+--------+--------+--------+--------+-----+--------+
         Total |    109 |    109 |      0 |      0 |     71 |   1 |  109.0 |
       Dungeon |    109 |    109 |      0 |      0 |     71 |   1 |  109.0 |
               +--------+--------+--------+--------+--------+-----+--------+

Top non-repeatable levels by time:
     D:1: 109 daAuts
